 Dungeon Crawl Stone Soup version 0.30-b1-2-g02819fbbbe (webtiles) character file.

Game seed: 13974973173533274639

9 Alarkh the Vexing (level 2, 21/21 HPs)
             Began as a Demonspawn Hexslinger on July 11, 2023.
             Got out of the dungeon alive.
             The game lasted 00:00:25 (622 turns).

Alarkh the Vexing (Demonspawn Hexslinger)            Turns: 622, Time: 00:00:25

Health: 21/21      AC:  6    Str: 10    XL:     2   Next: 6%
Magic:  3/3        EV: 11    Int: 14    God:
Gold:   55         SH:  0    Dex: 13    Spells: 2/3 levels left

rFire   . . .        a - +1 sling
rCold   . . .        (no shield)
rNeg    . . .        g - +3 leather armour
rPois   .            (no helmet)
rElec   .            (no cloak)
rCorr   .            (no gloves)
SInv    .            (no boots)
Will    .....        (no amulet)
Stlth   +            (no ring)
HPRegen 0.23/turn    (no ring)
MPRegen 0.08/turn

%: no passive effects
@: no status effects
A: spiny 1
a: no special abilities


You escaped.
You visited 1 branch of the dungeon, and saw 1 of its levels.

You collected 55 gold pieces.

Inventory:

Hand Weapons
 a - a +1 sling (weapon)
Armour
 c - a +0 robe
 g - a +3 leather armour (worn)
Scrolls
 b - a scroll of poison
 d - a scroll of fear {unknown}
 e - 2 scrolls of teleportation {unknown}
 h - a scroll of vulnerability {unknown}
 i - a scroll of fog {unknown}
Potions
 f - 3 potions of curing {unknown}


   Skills:
 + Level 1.4 Fighting
 * Level 2.3 Ranged Weapons
 - Level 1.7 Dodging
 - Level 1.0 Spellcasting
 - Level 3.0 Hexes


You had 2 spell levels left.
You knew the following spells:

 Your Spells              Type           Power      Damage    Failure   Level
a - Slow                  Hex            36%        N/A       11%         1

Your spell library contained the following spells:

 Spells                   Type           Power      Damage    Failure   Level
 Inner Flame              Hex/Fire       4%         N/A       50%         3
 Portal Projectile        Hex/Tloc       8%         N/A       50%         3
 Cause Fear               Hex            4%         N/A       71%         4


Dungeon Overview and Level Annotations

Branches:
Dungeon (1/15)

Altars:


Innate Abilities, Weirdness & Mutations

You are partially covered in sharp spines.


Message History

You now have 35 gold pieces (gained 7).
You now have 44 gold pieces (gained 9).
f - 3 yellow potions (gained 1)
i - a scroll labelled TYRABU SAENG
Found a whip.
You see here a +0 whip.
Found a flail.
You now have 55 gold pieces (gained 11).
A dart slug comes into view.
A dart slug is nearby!
A dart slug is nearby!
You shoot a sling bullet. The sling bullet hits the dart slug.
The dart slug is heavily wounded.
You shoot a sling bullet.
The sling bullet completely misses the dart slug.
An endoplasm comes into view.
You shoot a sling bullet. The endoplasm quivers.
The sling bullet hits the dart slug.
You kill the dart slug!
You have reached level 2!
Your demonic ancestry asserts itself...
Sharp spines emerge from parts of your body.
An endoplasm is nearby!
Your line of fire to the endoplasm is blocked by a plant.
Your line of fire to the endoplasm is blocked by a plant.
An endoplasm is nearby!
Your line of fire to the endoplasm is blocked by a plant.
An endoplasm is nearby!
Found 7 stones.
You shoot a sling bullet. The sling bullet hits the endoplasm.
The endoplasm is severely wounded.
You shoot a sling bullet. The sling bullet hits the endoplasm.
The endoplasm is almost dead.
You shoot a sling bullet. The sling bullet hits the endoplasm.
You kill the endoplasm!
There is an open door here.
There is a staircase leading out of the dungeon here.
Are you sure you want to leave the Dungeon?
This will make you lose the game!
You have escaped!

##### ######.@.######
###.............######
###.................#..#
#.'.................'..#####
##.#.................#.......
#..###.............####.#####
#..# ###.........###.........
#..# ###.....### #.##.#####
#..# ###.........###.....#


There were no monsters in sight!

Vanquished Creatures
  2 dart slugs (D:1)
  A bat (D:1)
  2 endoplasms (D:1)
5 creatures vanquished.

Notes
Turn   | Place    | Note
-------+----------+-------------------------------------------
     0 | D:1      | Alarkh the Demonspawn Hexslinger began the quest for the
                  | Orb.
     0 | D:1      | Reached XP level 1. HP: 15/15 MP: 2/2
   571 | D:1      | Gained mutation: You are partially covered in sharp spines.
                  | [demonic ancestry]
   571 | D:1      | Reached XP level 2. HP: 21/21 MP: 3/3
   622 | D:$      | Got out of the dungeon alive.

Illustrated notes

Levels and vault maps discovered:
D:1:      nzn_arrival_depleted_hourglass, layout_basic, serial_bayou,
          serial_bayou_pond_c, serial_bayou_pond_e, serial_bayou_pond_e,
          serial_bayou_pond_b, nicolae_figureground_pulse

Skill      XL: |  1 |
---------------+----+-----
Ranged Weapons | 2 |  2.3
Fighting       | |  1.4
Dodging        | |  1.7
Spellcasting   | |  1.0
Hexes          | |  3.0

Action                     || total
---------------------------++-------
   Fire: Sling             ||    17
  Dodge: Dodged            ||     1
